 Dungeon Crawl Stone Soup version 0.22-a0-299-g43f9854 (webtiles) character file.

12348 Amnesiac the Zephyrmancer (level 11, -7/63 HPs)
             Began as a Tengu Air Elementalist on Mar 25, 2018.
             Was a High Priest of Sif Muna.
             Mangled by a two-headed ogre
             ... wielding a +0 giant club
              (18 damage)
             ... on level 12 of the Dungeon.
             The game lasted 00:17:35 (10277 turns).

Amnesiac the Zephyrmancer (Tengu Air Elementalist) Turns: 10277, Time: 00:17:36

Health: -7/63      AC:  6    Str:  9    XL:     11   Next: 92%
Magic:  1/37       EV: 15    Int: 18    God:    Sif Muna [*****.]
Gold:   689        SH:  0    Dex: 15    Spells: 21/35 levels left

rFire    . . .     SeeInvis .   H - +5 whip of Slime {drain, MR+ MP+9}
rCold    + . .     Gourm    .   (no shield)
rNeg     . . .     Faith    .   K - +2 robe {Archmagi}
rPois    .         Spirit   .   (helmet restricted)
rElec    .         Reflect  .   (no cloak)
rCorr    .         Harm     .   M - +1 pair of gloves
MR       ++...                  (boots unavailable)
Stlth    ++........             r - amulet of rage
HPRegen  0.20/turn              s - ring of protection from cold
MPRegen  0.25/turn              q - ring of protection from magic

@: divine energy
A: beak, talons 3, able to fly 1
a: Fly, Stop Divine Energy, Channel Magic, Forget Spell, Renounce Religion,
Evoke Berserk Rage


You were on level 12 of the Dungeon.
You worshipped Sif Muna.
Sif Muna was extremely pleased with you.
You were not hungry.

You visited 2 branches of the dungeon, and saw 13 of its levels.

You collected 689 gold pieces.

Inventory:

Hand Weapons
 H - the +5 whip of Slime (weapon) {drain, MR+ MP+9}
   (You took it off a centaur on level 7 of the Dungeon)

   A truly terrible weapon, it drains the life of those it strikes.
   It affects your resistance to hostile enchantments.
   It affects your magic capacity (+9).
Missiles
 f - 4 curare-tipped needles
 k - 31 poisoned needles
 p - 4 throwing nets (quivered)
Armour
 K - a +2 robe of the Archmagi (worn)
 M - a +1 pair of gloves (worn)
Magical Staves
 J - an uncursed staff of cold
Jewellery
 q - a ring of protection from magic (right hand)
 r - an amulet of rage (around neck)
 s - a ring of protection from cold (left hand)
 x - an uncursed ring of resist corrosion
Wands
 b - a wand of polymorph (10)
 y - a wand of disintegration (12)
 z - a wand of paralysis (12)
 I - a wand of scattershot (3)
 L - a wand of flame (41)
 N - a wand of digging (15)
Scrolls
 h - 2 scrolls of remove curse {!r}
 m - a scroll of enchant weapon {!r, unknown}
 o - 2 scrolls of magic mapping {!r, unknown}
 t - 2 scrolls of noise {!r, unknown}
 u - 5 scrolls of teleportation {!r}
 w - a scroll of blinking {!r, unknown}
 B - a scroll of amnesia {!r}
 G - 2 scrolls of immolation {!r, unknown}
 O - a scroll of fear {!r, unknown}
Potions
 a - a potion of berserk rage {!q, unknown}
 d - 3 potions of heal wounds {!q}
 e - 5 potions of curing {!q, unknown}
 g - 3 potions of agility {!q, unknown}
 i - 2 potions of haste {!q, unknown}
 j - 3 potions of flight {!q, unknown}
 l - a potion of might {!q, unknown}
 n - a potion of ambrosia {!q}
 v - 3 potions of cancellation {!q}
 C - a potion of resistance {!q}
 D - 2 potions of mutation {!q, unknown}
 E - a potion of brilliance {!q, unknown}
 F - 2 potions of lignification {!q}
Comestibles
 c - 20 rations
 A - 11 chunks of flesh


   Skills:
 - Level 5.0 Fighting
 - Level 5.5 Dodging
 - Level 2.0 Stealth
 - Level 12.5 Spellcasting
 - Level 1.3 Conjurations
 - Level 12.6 Air Magic
 + Level 3.9 Invocations


You had 21 spell levels left.
You knew the following spells:

 Your Spells              Type           Power        Failure   Level  Hunger
a - Airstrike             Air            ######....   1%          4    ##.....
b - Lightning Bolt        Conj/Air       ######....   10%         5    ####...
c - Swiftness             Chrm/Air       ######..     1%          2    None
s - Conjure Flame         Conj/Fire      ###.....     14%         3    None


Dungeon Overview and Level Annotations

Branches:
Dungeon (12/15)            Temple (1/1) D:6            Lair (0/6) D:9
    Orc (0/2) D:11

Altars:
Elyvilon
Fedhas
Gozag
Kikubaaqudgha
Nemelex Xobeh
Ru
Sif Muna
Trog
Uskayaw
Vehumet
Wu Jian
Xom
Yredelemnul
Zin
The Shining One
Beogh

Shops:
D:6 =


Innate Abilities, Weirdness & Mutations

You have a beak for a mouth.
You have claws for feet.
You can fly.


Message History

Confirm with . or Enter, or press ? or * to list all spells.
Aiming: Airstrike (safe; 1% risk of failure)
Press: ? - help, Dir - move target cursor, f/p - iguana
Aim: an iguana (moderately wounded)
You feel a surge of power!
The air twists around and strikes the iguana!
You kill the iguana!
Sif Muna accepts your kill. Sif Muna grants you divine energy.
You briefly lose access to your magic!
You are unable to access your magic!
You are unable to access your magic!
You regain access to your magic.
Casting: Airstrike (safe; 1% risk of failure)
Confirm with . or Enter, or press ? or * to list all spells.
Aiming: Airstrike (safe; 1% risk of failure)
Press: ? - help, Dir - move target cursor, f - ice beast
Aim: an ice beast You feel a surge of power!
The air twists around and strikes the ice beast!
The ice beast is heavily wounded.
Sif Muna grants you divine energy.
You briefly lose access to your magic!
You are unable to access your magic!
You are unable to access your magic!
You are unable to access your magic!
You regain access to your magic.
Casting: Airstrike (safe; 1% risk of failure)
Confirm with . or Enter, or press ? or * to list all spells.
Aiming: Airstrike (safe; 1% risk of failure)
Press: ? - help, Dir - move target cursor, f/p - ice beast
Aim: an ice beast (heavily wounded)
You feel a surge of power!
The air twists around and strikes the ice beast!
The ice beast is almost dead.
Sif Muna grants you divine energy.
You briefly lose access to your magic!
You open the door.
A two-headed ogre comes into view. It is wielding two giant clubs.
The ice beast barely misses you.
You are unable to access your magic!
You are unable to access your magic!
A necrophage comes into view.
The two-headed ogre shouts in stereo!
Found a shortbow.
There is an open door here.
You regain access to your magic.
The two-headed ogre hits you with a giant club! x2
The two-headed ogre misses you. The two-headed ogre barely misses you.
Casting: Airstrike (safe; 1% risk of failure)
Confirm with . or Enter, or press ? or * to list all spells.
Aiming: Airstrike (safe; 1% risk of failure)
Press: ? - help, Dir - move target cursor, f/p - ice beast
Aim: an ice beast (severely wounded)
You feel a surge of power!
The air twists around and strikes the ice beast!
You kill the ice beast!
Sif Muna accepts your kill. Sif Muna grants you divine energy.
You briefly lose access to your magic!
The necrophage hits you but does no damage.
You regain access to your magic.
The two-headed ogre hits you with a giant club!!
* * * LOW HITPOINT WARNING * * *
The two-headed ogre hits you with a giant club!!
You die...

.......
############.........
#.........##..........
#.........##.)........
#.........##...>......
#..........#..........
#.........@n..........
#........(#O..........
#.........##..........
#######(####..........
#.# ###'####### ##(#
#..# ### #..# ##.# ..#
#.## #.#### ..# #รท#
#....#


You could see a two-headed ogre and a necrophage.

Vanquished Creatures
  The ghost of TheNamelessOne the Grappler, a novice TrMo of Yredelemnul (D:9)
  A two-headed ogre (D:11)
  Pikel (D:8)
  An ugly thing (D:11)
  A cyclops (D:12)
  Joseph (D:8)
  The ghost of Sharkov the Firebug, a novice OgFE (D:5)
  A hornet (D:11)
  Prince Ribbit (D:8)
  6 hippogriffs
  Eustachio (D:6)
  A wyvern (D:8)
  A human (D:8)
  5 yaks (D:11)
  4 hogs (D:8)
  2 hungry ghosts
  The ghost of Sharkov the Conjurer, an amateur MfWn (D:3)
  A steam dragon (D:10)
  Menkaure (D:7)
  Duvessa (D:6)
  2 water moccasins
  A soldier ant (D:11)
  3 black bears
  An ice beast (D:12)
  3 orc warriors
  3 sky beasts
  4 phantoms
  A slave (D:8)
  6 ogres
  6 centaurs
  9 bullfrogs
  Dowan (D:6)
  2 scorpions (D:6)
  6 wights
  3 howler monkeys
  5 crimson imps
  A bullfrog zombie (D:5)
  4 hounds
  3 jellies
  7 orc priests
  2 centaur skeletons
  12 orc wizards
  4 iguanas
  4 bullfrog skeletons
  5 worker ants
  A killer bee zombie (D:7)
  14 gnolls
  2 howler monkey skeletons
  7 adders
  4 shadow imps
  2 oozes
  2 worms
  A dart slug (D:1)
  8 leopard geckos
  43 orcs
  2 giant cockroaches
  6 goblins
  10 hobgoblins
  9 jackals (D:4)
  5 kobolds
  3 quokkas
  A ball python (D:3)
  6 bats
  6 frilled lizards
  A quokka skeleton (D:6)
  2 quokka zombies
  9 rats
275 creatures vanquished.

Vanquished Creatures (others)
  2 orcs (D:8)
2 creatures vanquished.

Grand Total: 277 creatures vanquished

Notes
Turn   | Place    | Note
-------+----------+-------------------------------------------
     0 | D:1      | Amnesiac the Tengu Air Elementalist began the quest for the Orb.
     0 | D:1      | Reached XP level 1. HP: 10/10 MP: 4/4
   313 | D:1      | Reached XP level 2. HP: 16/16 MP: 4/6
   641 | D:1      | Reached skill level 1 in Fighting
   703 | D:1      | Reached XP level 3. HP: 20/20 MP: 0/7
  1018 | D:2      | Reached skill level 5 in Air Magic
  1458 | D:2      | Reached XP level 4. HP: 21/25 MP: 4/8
  1464 | D:2      | Learned a level 4 spell: Airstrike
  2181 | D:3      | Noticed Sharkov's ghost (amateur MfWn)
  2488 | D:3      | Gained mutation: You can fly. [Tengu growth]
  2488 | D:3      | Reached XP level 5. HP: 30/30 MP: 4/10
  2904 | D:3      | Killed Sharkov's ghost
  2904 | D:3      | Reached XP level 6. HP: 19/35 MP: 2/12
  3177 | D:5      | Entered Level 5 of the Dungeon
  3322 | D:5      | Noticed a phantom
  3331 | D:5      | Killed a phantom
  3434 | D:5      | Noticed a sky beast
  3474 | D:5      | Killed a sky beast
  3474 | D:5      | Reached XP level 7. HP: 36/39 MP: 4/13
  3736 | D:4      | You fall through a shaft!
  3789 | D:4      | Found a sparkling altar of Nemelex Xobeh.
  4163 | D:4      | Found a bloodstained altar of Trog.
  4168 | D:4      | Reached skill level 5 in Spellcasting
  4483 | D:4      | Reached XP level 8. HP: 45/45 MP: 1/17
  5010 | D:5      | Noticed Sharkov's ghost (novice OgFE)
  5033 | D:5      | Killed Sharkov's ghost
  5344 | D:5      | Learned a level 5 spell: Lightning Bolt
  5346 | D:6      | Noticed a hippogriff
  5349 | D:6      | Killed a hippogriff
  5349 | D:6      | Reached skill level 5 in Dodging
  5349 | D:6      | Reached XP level 9. HP: 52/52 MP: 1/20
  5456 | D:6      | Found a staircase to the Ecumenical Temple.
  5492 | D:6      | Reached skill level 5 in Fighting
  5526 | Temple   | Entered the Ecumenical Temple
  5591 | Temple   | Became a worshipper of Sif Muna the Loreminder
  5638 | D:6      | Found a sacrificial altar of Ru.
  5726 | D:6      | Got an iridescent war axe
  5727 | D:6      | Identified the +7 war axe "Ceugohuho" {flame, rN+} (You found it on level 6 of the Dungeon)
  5939 | D:6      | Found Weishro's Jewellery Emporium.
  6069 | D:6      | Noticed Eustachio
  6104 | D:6      | Killed Eustachio
  6104 | D:6      | Reached * piety under Sif Muna
  6172 | D:7      | Noticed Duvessa
  6172 | D:7      | Noticed Dowan
  6208 | D:6      | HP: 1/54 [Duvessa/short sword (8)]
  6246 | D:6      | Killed Duvessa
  6322 | D:6      | Killed Dowan
  6446 | D:7      | Got a pitted whip {drain}
  6453 | D:7      | Identified the +5 whip of Slime {drain, MR+ MP+9} (You took it off a centaur on level 7 of the Dungeon)
  6589 | D:7      | Reached XP level 10. HP: 51/59 MP: 0/24
  6668 | D:7      | Noticed Menkaure
  6671 | D:7      | Killed Menkaure
  6671 | D:7      | Reached ** piety under Sif Muna
  6955 | D:7      | Reached skill level 10 in Air Magic
  6990 | D:7      | Reached skill level 10 in Spellcasting
  7044 | D:7      | Found an ancient bone altar of Kikubaaqudgha.
  7245 | D:8      | Noticed Pikel
  7249 | D:8      | Killed Pikel
  7412 | D:8      | Reached *** piety under Sif Muna
  7542 | D:8      | Noticed Joseph
  7569 | D:8      | Killed Joseph
  7808 | D:8      | Noticed Prince Ribbit
  7810 | D:8      | Killed Prince Ribbit
  8051 | D:9      | Learned a level 2 spell: Swiftness
  8074 | D:9      | Reached XP level 11. HP: 63/63 MP: 26/27
  8268 | D:9      | Reached **** piety under Sif Muna
  8344 | D:9      | Found a staircase to the Lair.
  8369 | D:9      | Noticed TheNamelessOne's ghost (novice TrMo)
  8375 | D:9      | Killed TheNamelessOne's ghost
  8546 | D:10     | Entered Level 10 of the Dungeon
  9270 | D:11     | Noticed a red ugly thing
  9298 | D:11     | Killed a red ugly thing
  9445 | D:11     | Found a staircase to the Orcish Mines.
  9580 | D:11     | Reached ***** piety under Sif Muna
  9624 | D:11     | Identified Sif Muna's Handbook of Assistive Conjuration (Sif Muna gifted it to you on level 11 of the Dungeon)
  9624 | D:11     | Received a gift from Sif Muna
  9630 | D:11     | Learned a level 3 spell: Conjure Flame
  9859 | D:11     | Noticed a two-headed ogre
  9866 | D:11     | Killed a two-headed ogre
  9960 | D:11     | Found a roughly hewn altar of Beogh.
 10128 | D:12     | Noticed a cyclops
 10148 | D:12     | Killed a cyclops
 10270 | D:12     | Noticed a two-headed ogre
 10277 | D:12     | Mangled by a two-headed ogre

Vault maps used:
D:1:      lemuel_arrival_tunnels
D:2:      first_ration, minmay_tromino_v4_b
D:4:      nemelex_xobeh_ov_fountains_minmay, trog_three_pillars_becter
D:6:      minmay_temple_entry_butterflies, serial_shops, shop,
          nicolae_ru_great_annihilating_truth, uniq_eustachio
D:7:      basic_altar, minivault_25, uniq_menkaure, uniq_duvessa
D:8:      grunt_livestock, uniq_pikel, uniq_joseph, uniq_prince_ribbit1
D:9:      dpeg_oklobed_lair
D:11:     orc_0_dummy, serial_park_tiny_pond, david_defended_altar_orc
Temple:   kilobyte_greek_temple

Skill      XL: |  1  2  3  4  5  6  7  8  9 10 11 |
---------------+----------------------------------+-----
Fighting       | 1 2 4 5 |  5.0
Air Magic      | 5 7 8 9 11 12 | 12.6
Spellcasting   | 3 5 6 9 11 12 | 12.5
Dodging        | 3 5 |  5.5
Invocations    | 3 |  3.9
Stealth        | |  2.0
Conjurations   | |  1.3

Action                   |  1- 3 |  4- 6 |  7- 9 | 10-12 || total
-------------------------+-------+-------+-------+-------++-------
Melee: Unarmed           |     4 |     2 |       |       ||     6
       Kick              |     2 |       |    30 |       ||    32
       Dagger            |       |     9 |    99 |       ||   108
       Peck              |       |     1 |    15 |       ||    16
       War axe           |       |       |    11 |       ||    11
       Whip              |       |       |     9 |     5 ||    14
 Cast: Shock             |    71 |    81 |   105 |       ||   257
       Airstrike         |       |     5 |    89 |   262 ||   356
Invok: Divine Energy     |       |       |     1 |       ||     1
 Abil: Fly               |       |       |     1 |       ||     1
  Use: Scroll            |       |       |     4 |     5 ||     9
       Potion            |       |       |     1 |       ||     1
  Eat: Chunk             |     3 |     6 |    18 |    24 ||    51
       Ration            |       |       |     1 |       ||     1
Armor: Robe              |     4 |     6 |    31 |     5 ||    46
       Leather armour    |       |       |     2 |     2 ||     4
Dodge: Dodged            |     7 |    12 |   124 |    31 ||   174

Table legend:
 A = Spawn XP
 B = Non-spawn XP
 C = Spawn XP percentage of total XP
 D = Spawn monster count
 E = Non-spawn monster count
 F = Spawn count percentage of total count
 G = Total turns spent on level
                    A         B        C        D         E        F      G
               +---------+---------+-------+---------+---------+-------+---------
         Total |       0 |   17641 |   0.0 |       0 |     274 |   0.0 | 10277
               +---------+---------+-------+---------+---------+-------+---------
           D:1 |       0 |      40 |   0.0 |       0 |      20 |   0.0 |   985
           D:2 |       0 |      65 |   0.0 |       0 |      17 |   0.0 |  1163
           D:3 |       0 |     259 |   0.0 |       0 |      23 |   0.0 |  1024
           D:4 |       0 |     713 |   0.0 |       0 |      38 |   0.0 |   852
           D:5 |       0 |    1093 |   0.0 |       0 |      15 |   0.0 |  1321
           D:6 |       0 |    1850 |   0.0 |       0 |      35 |   0.0 |   908
           D:7 |       0 |    2170 |   0.0 |       0 |      34 |   0.0 |   848
           D:8 |       0 |    2726 |   0.0 |       0 |      14 |   0.0 |   807
           D:9 |       0 |    2197 |   0.0 |       0 |      20 |   0.0 |   560
          D:10 |       0 |     997 |   0.0 |       0 |      18 |   0.0 |   566
          D:11 |       0 |    4421 |   0.0 |       0 |      26 |   0.0 |   917
          D:12 |       0 |    1110 |   0.0 |       0 |      14 |   0.0 |   230
               +---------+---------+-------+---------+---------+-------+---------
